AoeStats
← Ana Desbloqueame Te Amo

Black Forest

504408798Analyzed
3v3 RM · 28d ago on Sep 5, 2026· 29m 4s· 6 players
Game mode
Random Map
Map size
Normal (6 player)
Population
200
Speed
Normal
Resources
Standard
Victory
Conquest
Starting age
Dark Age
Ending age
Imperial Age
RankedLock teamsTeams togetherTeam positionsShared explorationLock speedFull tech treeHidden civsTurbo modeCheats
Victory
Defeat
🇨🇭 Turks · Switzerland
881
+10
🇵🇪 Hindustanis · Peru
847
+12
🇪🇸 Japanese · Spain
812
+13
🇲🇽 Bohemians · Mexico
785
-13
738
-11
🇲🇽 Khmer · Mexico
730
-11
josehgx
0:29 Loom
12:59 Feudal Age
21:12 Castle Age
25:58 Double-Bit Axe
29:31 Wheelbarrow
marshall_o18
0:50 Loom
13:12 Feudal Age
18:00 Castle Age
15:48 Double-Bit Axe
17:01 Horse Collar
29:23 Imperial Age
27:03 Pikeman
29:07 Town Watch
29:58 Wheelbarrow
Pommesgabel
1:06 Loom
15:52 Feudal Age
18:24 Double-Bit Axe
24:29 Castle Age
28:22 Horse Collar
Ana Desbloqueame Te Amo
7:58 Loom
13:15 Feudal Age
14:25 Horse Collar
28:33 Castle Age
29:39 Castle Age
27:53 Forging
27:49 Scale Barding Armor
Shipo
3:32 Loom
18:27 Feudal Age
20:01 Double-Bit Axe
25:20 Horse Collar
Sobresdrujula
0:55 Loom
16:14 Feudal Age
17:09 Horse Collar
19:22 Double-Bit Axe
24:47 Stone Mining
29:42 Castle Age
28:28 Scale Barding Armor
Connection lost

Rejoining the realm…

Still unreachable

The connection could not be restored.

Session expired

The server has moved on; the page needs a fresh start.